 Dungeon Crawl Stone Soup version 0.29-a0-330-g52719c12eb (webtiles) character file.

Game seed: 2358281489770553841

5072 HoaS the Grappler (level 10, -1/104 HPs)
             Began as a Troll Gladiator on May 26, 2022.
             Was a Believer of Makhleb.
             Shot with an arrow by a centaur (6 damage)
             ... on level 9 of the Dungeon.
             The game lasted 00:24:37 (6167 turns).

HoaS the Grappler (Troll Gladiator)                 Turns: 6167, Time: 00:24:38

Health: -1/104     AC:  5    Str: 24    XL:     10   Next: 31%
Magic:  9/9        EV: 12    Int:  4    God:    Makhleb [**....]
Gold:   332        SH:  0    Dex: 15    Spells: 9/9 levels left

rFire   . . .      SeeInvis .     - Unarmed
rCold   . . .      Faith    .   (no shield)
rNeg    + . .      Spirit   .   a - +0 robe
rPois   .          Reflect  .   b - +1 hat
rElec   .          Harm     .   n - scarf {+Inv}
rCorr   .          Rampage  .   (gloves unavailable)
Will    .....                   (boots unavailable)
Stlth   +.........              e - amulet of regeneration
HPRegen 1.87/turn               s - ring of positive energy
MPRegen 0.11/turn               (no ring)

@: confused, studying Fighting
A: large, unfitting armour, claws 3, regeneration 1, shaggy fur 1, tough skin 1
a: Renounce Religion, Evoke Invisibility, Minor Destruction


You were on level 9 of the Dungeon.
You worshipped Makhleb.
Makhleb was pleased with you.
You visited 2 branches of the dungeon, and saw 10 of its levels.

You collected 416 gold pieces.
You spent 84 gold pieces at shops.

Inventory:

Missiles
 c - 4 throwing nets (quivered)
 d - a large rock
Armour
 a - a +0 robe (worn)
 b - a +1 hat (worn)
 n - a scarf of invisibility (worn)
Jewellery
 e - an amulet of regeneration (around neck)
 k - a ring of ice
 s - a ring of positive energy (left claw)
Scrolls
 g - a scroll of blinking
 j - 5 scrolls of teleportation
 t - a scroll of fear
Potions
 f - a potion of resistance
 h - 3 potions of ambrosia
 i - 3 potions of lignification
 l - a potion of might
 m - a potion of haste
 o - a potion of invisibility
 p - 2 potions of flight
 q - a potion of cancellation
 r - a potion of attraction {unknown}
 u - a potion of curing {unknown}
 v - 2 potions of mutation


   Skills:
 - Level 8.0 Fighting
 + Level 5.7 Throwing
 + Level 6.0 Dodging
 * Level 9.8 Unarmed Combat


You had 9 spell levels left.
You didn't know any spells.
Your spell library contained the following spells:

 Spells                   Type           Power      Damage    Failure   Level
 Shock                    Conj/Air       0%         1d3       50%         1
 Corpse Rot               Necr/Air       0%         N/A       65%         2
 Poisonous Vapours        Pois/Air       0%         N/A       65%         2
 Ozocubu's Armour         Ice            0%         N/A       86%         3
 Portal Projectile        Hex/Tloc       0%         N/A       86%         3
 Swiftness                Air            0%         N/A       86%         3
 Airstrike                Air            0%         N/A       99%         4
 Animate Dead             Necr           0%         N/A       99%         4
 Blade Hands              Tmut           0%         N/A       100%        5
 Excruciating Wounds      Necr           0%         N/A       100%        5
 Metabolic Englaciation   Hex/Ice        0%         N/A       100%        5
 Simulacrum               Ice/Necr       0%         N/A       100%        6
 Haunt                    Necr/Summ      0%         N/A       100%        7
 Infestation              Necr           0%         N/A       100%        8


Dungeon Overview and Level Annotations

Branches:
Dungeon (9/15)             Temple (1/1) D:5
   Lair: D:8-11         Orc: D:9-12

Altars:
Ashenzari
Cheibriados
Dithmenos
Elyvilon
Fedhas
Gozag
Hepliaklqana
Makhleb
Nemelex Xobeh
Okawaru
Qazlal
Ru
Sif Muna
Trog
Uskayaw
Vehumet
Wu Jian
Xom
Yredelemnul
Zin
The Shining One

Shops:
D:7 *(   D:8 *

Annotations:
D:5 Prince Ribbit


Innate Abilities, Weirdness & Mutations

You are too large for most types of armour.
You have claws for hands.
Your natural rate of healing is unusually fast.
You are covered in fur. (AC +1)
You have tough skin. (AC +1)


Message History

Makhleb accepts your kill.
No target in view!
You climb downwards.
The electric eel shoots out a bolt of lightning at you!
The bolt of electricity hits you.
The orc warrior hits you with a +0 war axe!
The centaur wields a +0 shortbow.
The centaur shoots an arrow.
The arrow completely misses you.
The orc wizard gestures at you while chanting.
You are confused.
The orc warrior closely misses you.
There is a stone staircase leading up here.
The centaur shoots an arrow.
The arrow hits you but does no damage.
The orc wizard points at you and mumbles some strange words.
You are more confused.
The orc warrior hits you with a +0 war axe!!
The centaur shoots an arrow.
The arrow misses you.
In your confused state, you trip and fall back down the stairs.
The centaur shoots an arrow.
The arrow misses you.
The electric eel shoots out a bolt of lightning at you!
The bolt of electricity hits you!
The orc warrior hits you with a +0 war axe!
A gnoll comes into view. It is wielding a +0 club.
The centaur shoots an arrow.
The arrow hits you. The orc wizard casts a spell at you.
You are more confused.
The electric eel shoots out a bolt of lightning at you!
The bolt of electricity hits you!
The bolt of electricity hits the gnoll!
The electric eel shoots out a bolt of lightning at you!
The bolt of electricity hits you!
* * * LOW HITPOINT WARNING * * *
The bolt of electricity hits you!
* * * LOW HITPOINT WARNING * * *
The bolt of electricity hits the electric eel.
The electric eel completely resists.
The orc warrior hits you with a +0 war axe!
* * * LOW HITPOINT WARNING * * *
The gnoll hits you but does no damage.
The centaur shoots an arrow.
The arrow hits you.
You die...

##########
.........###
..c........
.≈...≈≈...###
.≈..≈≈≈≈o...
≈≈..≈≈SS..#####
...............
......o@gg.#
#########..# .#
.# #


You could see an orc warrior, a centaur, 2 electric eels, an orc wizard and 2
gnolls.

Vanquished Creatures
  Pikel (D:5)
  Joseph (D:8)
  A hornet (D:8)
  5 yaks (D:8)
  A wyvern (D:8)
  Menkaure (D:3)
  An acid dragon (D:6)
  A water moccasin (D:6)
  An ice beast (D:5)
  4 black bears
  2 sky beasts
  An ogre (D:6)
  2 lemures (D:5)
  A centaur (D:8)
  2 phantoms
  2 scorpions
  6 bullfrogs
  A gnoll sergeant (D:7)
  9 wights
  A killer bee (D:6)
  A howler monkey (D:7)
  7 hounds
  2 jellies
  2 orc priests
  A gnoll shaman (D:8)
  Natasha (twice) (D:2)
  5 iguanas
  2 orc wizards (D:8)
  Robin (D:3)
  9 gnolls (D:7)
  5 adders
  A shadow imp (D:4)
  A white imp (D:6)
  A worm (D:2)
  2 dart slugs
  14 orcs
  6 endoplasms
  3 giant cockroaches
  11 goblins
  10 hobgoblins
  8 jackals (D:3)
  3 quokkas
  8 ball pythons
  3 bats
  4 frilled lizards
  7 kobolds
  5 rats
168 creatures vanquished.

Notes
Turn   | Place    | Note
-------+----------+-------------------------------------------
     0 | D:1      | HoaS the Troll Gladiator began the quest for the Orb.
     0 | D:1      | Reached XP level 1. HP: 19/19 MP: 0/0
   327 | D:1      | Reached XP level 2. HP: 27/27 MP: 1/1
   435 | D:1      | Reached skill level 4 in Unarmed Combat
   831 | D:2      | Reached XP level 3. HP: 33/33 MP: 2/2
   966 | D:2      | Reached skill level 5 in Unarmed Combat
   966 | D:2      | Reached XP level 4. HP: 31/41 MP: 3/3
  1179 | D:2      | Noticed Natasha
  1191 | D:2      | Killed Natasha
  1308 | D:2      | Noticed Natasha
  1316 | D:2      | Killed Natasha
  1401 | D:3      | Reached XP level 5. HP: 44/48 MP: 4/4
  1568 | D:3      | Reached skill level 6 in Unarmed Combat
  1651 | D:3      | Noticed Robin
  1671 | D:3      | Killed Robin
  1799 | D:3      | Found a basalt altar of Yredelemnul.
  2024 | D:4      | Noticed Menkaure
  2029 | D:3      | Killed Menkaure
  2030 | D:3      | Reached XP level 6. HP: 25/59 MP: 5/5
  2288 | D:4      | Found a hide-covered altar of Uskayaw.
  2351 | D:4      | Found an iron altar of Okawaru.
  2502 | D:4      | Reached XP level 7. HP: 67/67 MP: 6/6
  2743 | D:5      | Entered Level 5 of the Dungeon
  2842 | D:5      | Found a burning altar of Makhleb.
  2850 | D:5      | Became a worshipper of Makhleb the Destroyer
  2900 | D:5      | Found a broken altar of Ashenzari.
  2991 | D:5      | Found a staircase to the Ecumenical Temple.
  3003 | Temple   | Entered the Ecumenical Temple
  3185 | D:5      | Noticed Prince Ribbit
  3358 | D:6      | Noticed Pikel
  3762 | D:5      | Reached XP level 8. HP: 71/79 MP: 7/7
  3849 | D:6      | Reached skill level 5 in Fighting
  3849 | D:6      | Reached skill level 7 in Unarmed Combat
  3933 | D:5      | Killed Pikel
  4108 | D:6      | Reached XP level 9. HP: 89/89 MP: 8/8
  4302 | D:6      | Reached skill level 5 in Dodging
  4427 | D:6      | Reached skill level 8 in Unarmed Combat
  4449 | D:7      | Reached * piety under Makhleb
  4543 | D:7      | Found Bommu's Weapon Emporium.
  4640 | D:7      | Found Asyroume's General Store.
  4644 | D:7      | Bought 2 scrolls of teleportation for 84 gold pieces
  5050 | D:8      | Reached skill level 5 in Throwing
  5092 | D:8      | Found a white marble altar of Elyvilon.
  5132 | D:8      | Found Zin's Purification Station.
  5133 | D:8      | Found a glowing silver altar of Zin.
  5267 | D:8      | Noticed Joseph
  5282 | D:8      | Killed Joseph
  5283 | D:8      | Reached skill level 9 in Unarmed Combat
  5401 | D:8      | Reached XP level 10. HP: 104/104 MP: 9/9
  5458 | D:8      | Reached ** piety under Makhleb
  5750 | D:8      | Found an opulent altar of Gozag.
  6167 | D:9      | HP: 5/104 [orc warrior/+0 war axe (10)]
  6167 | D:9      | Shot with an arrow by a centaur

Illustrated notes

Levels and vault maps discovered:
D:1:      dpeg_arrival_shelter, layout_basic
D:2:      layout_rooms, chequers_serial_rivers_room_b, uniq_natasha
D:3:      layout_basic, old_standard_altar, uniq_robin
D:4:      layout_rooms, mainiacjoe_overflow_concentric_impassable,
          lemuel_coloured_pillars_altar, uniq_menkaure
D:5:      layout_basic, mainiacjoe_overflow_surrounded_room,
          mainiacjoe_overflow_boulevard, minmay_temple_entry_overgrown,
          uniq_prince_ribbit1
D:6:      layout_rooms, uniq_pikel
D:7:      layout_rooms, serial_shops, nicolae_shop_waterfront, shop_fountains,
          minmay_misc_feat_rows, minmay_manual_monstrance
D:8:      layout_basic, zin_purify, elyvilon_altar_4,
          nicolae_gozag_cash_rules_everything_around_me,
          kennysheep_generic_room_14, uniq_joseph
D:9:      layout_basic, erik_lair_dragon, bh_circular_ruins, uniq_erolcha,
          uniq_erica, uniq_maurice, uniq_psyche
Temple:   dshaligram_water_room_temple

Skill      XL: |  1  2  3  4  5  6  7  8  9 10 |
---------------+-------------------------------+-----
Unarmed Combat | 4 5 6 7 9 |  9.8
Fighting       | 2 3 4 5 7 8 |  8.0
Throwing       | 2 3 4 5 |  5.7
Dodging        | 3 4 5 6 |  6.0

Action                   |  1- 3 |  4- 6 |  7- 9 | 10-12 || total
-------------------------+-------+-------+-------+-------++-------
Melee: Unarmed           |    65 |   138 |   229 |    53 ||   485
       Punch             |     2 |     4 |    13 |     6 ||    25
Throw: Throwing net      |       |     1 |     4 |       ||     5
       Large rock        |       |       |     1 |       ||     1
  Use: Scroll            |       |    13 |     9 |       ||    22
       Potion            |       |       |     3 |     1 ||     4
 Stab: Sleeping          |       |       |       |     1 ||     1
Armor: Robe              |    22 |    31 |    48 |    11 ||   112
Dodge: Dodged            |    25 |    54 |   130 |    23 ||   232
Block: Other             |     5 |    24 |     1 |       ||    30
       Reflection        |     1 |       |       |       ||     1

Table legend: (Time is in decaauts)
 A = Elapsed time spent in this place.
 B = Non-inter-level travel time spent in this place.
 C = Inter-level travel time spent in this place.
 D = Time resting spent in this place.
 E = Time spent auto-exploring this place.
 F = Levels seen in this place.
 G = Mean time per level.
                   A        B        C        D        E       F      G
               +--------+--------+--------+--------+--------+-----+--------+
         Total |   6127 |   5896 |    231 |    579 |   4034 |  10 |  612.7 |
       Dungeon |   5994 |   5786 |    208 |    579 |   3934 |   9 |  666.0 |
        Temple |    132 |    109 |     23 |      0 |    100 |   1 |  132.0 |
               +--------+--------+--------+--------+--------+-----+--------+

Top non-repeatable levels by time:
     D:8: 1103 daAuts
     D:5: 895 daAuts
     D:1: 807 daAuts
     D:3: 725 daAuts
     D:4: 666 daAuts
     D:6: 649 daAuts
     D:7: 594 daAuts
     D:2: 546 daAuts
  Temple: 132 daAuts
     D:9: 6 daAuts
